 Dungeon Crawl Stone Soup version 0.29-a0-338-g1ff7896281 (webtiles) character file.

Game seed: 16883291393680775141

723 Gargoyl the Chopper (level 7, -1/44 HPs)
             Began as a Gargoyle Abyssal Knight on Apr 11, 2022.
             Was an Elder of Lugonu.
             Slain by a wraith (8 damage)
             ... on level 5 of the Dungeon on Apr 19, 2022.
             The game lasted 00:06:25 (4684 turns).

Gargoyl the Chopper (Gargoyle Abyssal Knight)       Turns: 4684, Time: 00:06:26

Health: -1/44      AC: 16    Str: 19    XL:     7   Next: 71%
Magic:  8/8        EV:  7    Int: 16    God:    Lugonu [****..]
Gold:   220        SH:  0    Dex: 10    Spells: 6/6 levels left

rFire   . . .      SeeInvis .   a - +4 hand axe
rCold   . . .      Faith    .   (no shield)
rNeg    + . .      Spirit   .   j - +0 chain mail
rPois   ∞          Reflect  .   n - +0 helmet
rElec   +          Harm     .   (no cloak)
rCorr   .          Rampage  .   (no gloves)
Will    .....                   o - +0 pair of boots
Stlth   ..........              (no amulet)
HPRegen 0.14/turn               k - +6 ring of intelligence
MPRegen 0.11/turn               (no ring)

@: slowed, very slow
A: sickness immunity, AC +4, negative energy resistance 1, electricity
resistance, torment resistance 1, petrification resistance
a: Renounce Religion, Depart the Abyss, Bend Space, Banish, Corrupt


You were on level 5 of the Dungeon.
You worshipped Lugonu.
Lugonu was greatly pleased with you.
You visited 1 branch of the dungeon, and saw 5 of its levels.
You visited the Abyss 1 time.

You collected 220 gold pieces.

Inventory:

Hand Weapons
 a - a +4 hand axe (weapon)
Missiles
 q - 3 poisoned darts (quivered)
Armour
 j - a +0 chain mail (worn)
 n - a +0 helmet (worn)
 o - a +0 pair of boots (worn)
Jewellery
 k - a +6 ring of intelligence (left hand)
Scrolls
 b - a scroll of blinking
 g - 3 scrolls of teleportation
 l - 2 scrolls of identify
 p - a scroll of enchant weapon
 r - a scroll of enchant armour {unknown}
Potions
 c - 2 potions of haste
 d - 2 potions of lignification
 e - a potion of flight {unknown}
 f - 4 potions of curing
 h - 2 potions of attraction {unknown}
 i - 2 potions of might {unknown}
 m - a potion of berserk rage {unknown}


   Skills:
 + Level 5.0 Fighting
 + Level 5.7 Axes
 + Level 4.6 Armour
 + Level 1.4 Dodging
 + Level 0.7 Stealth
 + Level 2.1 Invocations


You had 6 spell levels left.
You didn't know any spells.
Your spell library was empty.

Dungeon Overview and Level Annotations

Branches:
Dungeon (5/15)             Temple (0/1) D:4

Altars:

Shops:
D:1 [   D:3 (


Innate Abilities, Weirdness & Mutations

You are immune to sickness and miasma.
Your stone body is resilient. (AC +4)
You are immune to poison.
You resist negative energy. (rN+)
You are resistant to electric shocks. (rElec)
You are resistant to unholy torment.
You are immune to petrification.


Message History

The wraith barely misses you.
You hit the wraith but do no damage.
The wraith is almost destroyed.
The wraith hits you! The wraith drains your vigour!
You feel yourself slow down.
Unknown command.
You hit the wraith but do no damage.
The wraith is almost destroyed.
The wraith hits you but does no damage.
Unknown command.
You hit the wraith but do no damage.
The wraith is almost destroyed.
The wraith hits you. The wraith barely misses you.
You closely miss the wraith.
The wraith is almost destroyed.
The wraith hits you but does no damage.
Unknown command.
You completely miss the wraith.
The wraith is almost destroyed.
The wraith barely misses you. The wraith hits you.
The wraith drains your vigour!
You feel as though you will be slow longer.
You hit the wraith but do no damage.
The wraith is almost destroyed.
The wraith hits you but does no damage.
Unknown command.
You hit the wraith but do no damage.
The wraith is almost destroyed.
The wraith hits you!
* * * LOW HITPOINT WARNING * * *
The wraith hits you.
* * * LOW HITPOINT WARNING * * *
You hit the wraith.
The wraith is almost destroyed.
The wraith hits you but does no damage.
Unknown command.
You closely miss the wraith.
The wraith is almost destroyed.
The wraith hits you!
You die...

......#....####......#
..(...#.........#....##
......#.........####..#
...>###.........# ##..#
.....###..##..#.###...#
.......##..#..#.#...###
...##..............##
#.. #####...........#
#.. #.....#.@.### ##.
#....###W### #.
......##...###
.....###..≈≈≈#
.....≈≈≈≈≈≈###
#...≈≈W≈..≈.#
..≈≈≈##....# ...≈
#....# ............#


You could see a wraith.

Vanquished Creatures
  Grinder (D:4)
  A sky beast (D:5)
  A necrophage (D:4)
  A scorpion (D:4)
  2 hounds
  An orc priest (D:4)
  Jessica (D:2)
  An orc wizard (D:4)
  A gnoll (D:1)
  6 adders
  3 worms (D:3)
  2 dart slugs (D:1)
  4 orcs
  5 ball pythons
  8 bats
  8 endoplasms
  7 giant cockroaches
  9 goblins
  9 hobgoblins
  10 jackals
  A quokka (D:2)
  5 frilled lizards
  7 kobolds
  5 rats
99 creatures vanquished.

Vanquished Creatures (collateral kills)
  An endoplasm (D:2)
  A jackal (D:2)
2 creatures vanquished.

Vanquished Creatures (others)
  A bullfrog (D:5)
  2 scorpions (D:5)
  An adder (D:5)
4 creatures vanquished.

Grand Total: 105 creatures vanquished

Notes
Turn   | Place    | Note
-------+----------+-------------------------------------------
     0 | Abyss:1  | Gargoyl the Gargoyle Abyssal Knight began the quest for the
                  | Orb.
     0 | Abyss:1  | Reached XP level 1. HP: 14/14 MP: 2/2
    36 | D:1      | Escaped the Abyss
    71 | D:1      | Upgraded the game from 0.29-a0-323-g050149af67 to
                  | 0.29-a0-338-g1ff7896281
   165 | D:1      | Reached XP level 2. HP: 5/20 MP: 3/3
   711 | D:1      | Reached XP level 3. HP: 24/24 MP: 4/4
   991 | D:1      | Found Lumunk's Antique Armour Boutique.
  1232 | D:1      | Found a faded altar of an unknown god.
  1473 | D:2      | Reached XP level 4. HP: 26/29 MP: 5/5
  1933 | D:2      | Noticed Jessica
  1940 | D:2      | Killed Jessica
  1941 | D:2      | Reached skill level 1 in Dodging
  2025 | D:2      | Reached *** piety under Lugonu
  2109 | D:3      | Reached XP level 5. HP: 24/33 MP: 6/6
  2682 | D:3      | Found Ycvaloru's Weapon Shop.
  3228 | D:4      | Reached XP level 6. HP: 32/39 MP: 7/7
  3805 | D:4      | Noticed Grinder
  3980 | D:4      | Paralysed by Grinder for 2 turns
  3992 | D:4      | Killed Grinder
  3992 | D:4      | Reached **** piety under Lugonu
  3993 | D:4      | Reached skill level 5 in Axes
  3993 | D:4      | Reached XP level 7. HP: 29/44 MP: 8/8
  4193 | D:4      | Found a staircase to the Ecumenical Temple.
  4524 | D:5      | Entered Level 5 of the Dungeon
  4629 | D:5      | Noticed a wraith
  4659 | D:5      | Reached skill level 5 in Fighting
  4684 | D:5      | Slain by a wraith

Illustrated notes

Levels and vault maps discovered:
D:1:      amcnicky_arrival_double_pillar, layout_loops_ring,
          shapermc_ecumenical_altar_mp_ritualfount, serial_shops,
          nicolae_shop_waterfront
D:2:      layout_basic, grunt_ministairs_7, uniq_jessica
D:3:      layout_basic, portal_sewer_entry_e, serial_shops, nicolae_shop_crystal
D:4:      minmay_diamond_boxcup, layout_basic, minmay_temple_entry_junction,
          uniq_grinder
D:5:      layout_cave_pools, xom_confusion_cloud, serial_rivers,
          chequers_serial_rivers_small_a, chequers_serial_rivers_micro_e,
          chequers_serial_rivers_micro_e, chequers_serial_rivers_micro_b,
          chequers_serial_rivers_micro_d, serial_shops, kennysheep_mini

Skill      XL: |  1  2  3  4  5  6  7 |
---------------+----------------------+-----
Axes           | 2 3 4 5 |  5.7
Fighting       | 4 5 |  5.0
Armour         | 3 4 |  4.6
Dodging        | 1 |  1.4
Stealth        | |  0.7
Invocations    | |  2.1

Action                   |  1- 3 |  4- 6 |  7- 9 || total
-------------------------+-------+-------+-------++-------
Melee: Hand axe          |    84 |   178 |    57 ||   319
       Punch             |       |     2 |       ||     2
Invok: Depart the Abyss  |     1 |       |       ||     1
  Use: Scroll            |     5 |     6 |       ||    11
       Potion            |       |     1 |       ||     1
 Stab: Sleeping          |     1 |       |       ||     1
Armor: Leather armour    |    42 |     4 |       ||    46
       Ring mail         |       |    16 |       ||    16
       Chain mail        |       |   113 |    43 ||   156
Dodge: Dodged            |    60 |    80 |    28 ||   168

Table legend: (Time is in decaauts)
 A = Elapsed time spent in this place.
 B = Non-inter-level travel time spent in this place.
 C = Inter-level travel time spent in this place.
 D = Time resting spent in this place.
 E = Time spent auto-exploring this place.
 F = Levels seen in this place.
 G = Mean time per level.
                   A        B        C        D        E       F      G
               +--------+--------+--------+--------+--------+-----+--------+
         Total |   4729 |   4569 |    160 |      0 |   3589 |   6 |  788.2 |
       Dungeon |   4693 |   4533 |    160 |      0 |   3553 |   5 |  938.6 |
         Abyss |     36 |     36 |      0 |      0 |     36 |   1 |   36.0 |
               +--------+--------+--------+--------+--------+-----+--------+

Top non-repeatable levels by time:
     D:1: 1338 daAuts
     D:4: 1307 daAuts
     D:3: 1151 daAuts
     D:2: 730 daAuts
     D:5: 165 daAuts
 Abyss:1: 36 daAuts
